 Dungeon Crawl Stone Soup version 0.17-a0-1011-gfa70bdd (console) character file.

53 lauthentik the Grasshopper (level 3, -1/25 HPs)
             Began as a High Elf Warper on May 13, 2015.
             Slain by a gnoll
             ... wielding a +0 flail
              (5 damage)
             ... on level 2 of the Dungeon.
             The game lasted 00:08:21 (1943 turns).

lauthentik the Grasshopper (High Elf Warper)        Turns: 1943, Time: 00:08:22

Health: -1/25      AC:  3    Str: 10    XL:     3   Next: 64%
Magic:  15/16      EV: 12    Int: 17    God:
Gold:   25         SH:  0    Dex: 15    Spells: 2 memorised, 3 levels left

rFire  . . .     SeeInvis .     a - +0 falchion
rCold  . . .     Clarity  .     b - +0 leather armour
rNeg   . . .     SustAb   .     (no shield)
rPois  .         Gourm    .     (no helmet)
rElec  .         Spirit   .     (no cloak)
rCorr  .         Warding  .     (no gloves)
rMut   .         Stasis   .     (no boots)
MR     .....                    (no amulet)
Stlth  +.........               (no ring)
                                u - ring of magical power

@: not resistant to hostile enchantments, very unstealthy
A: no striking features
a: no special abilities


You were on level 2 of the Dungeon.
You were not hungry.

You visited 1 branch of the dungeon, and saw 2 of its levels.

You collected 25 gold pieces.

Inventory:

Hand weapons
 a - a +0 falchion (weapon)
Missiles
 e - a tomahawk of dispersal
 g - 11 stones (quivered)
 p - 16 arrows
Armour
 b - a +0 leather armour (worn)
Jewellery
 u - a ring of magical power (left hand)
Scrolls
 d - a scroll of blinking
 i - a scroll of enchant weapon {unknown}
 j - 2 scrolls of enchant armour {unknown}
 l - a scroll of random uselessness {unknown}
 m - a scroll of teleportation {unknown}
 q - a scroll of identify {unknown}
 v - a scroll of recharging {unknown}
Potions
 h - 2 potions of magic {unknown}
 n - a potion of curing {unknown}
 o - a potion of haste {unknown}
 t - a potion of heal wounds {unknown}
Books
 c - a book of Spatial Translocations

   Spells                             Type                      Level
   a - Apportation                    Translocation                1
   b - Blink                          Translocation                2
   c - Shroud of Golubria             Charms/Translocation         2
   d - Portal Projectile              Translocation                3
   e - Teleport Other                 Translocation                3
   f - Passage of Golubria            Translocation                4
Comestibles
 f - 3 bread rations
 k - 3 meat rations
 r - a chunk of flesh
 s - 8 fruits


   Skills:
 + Level 2.5 Fighting
 + Level 2.8 Long Blades
 + Level 1.2 Throwing
 - Level 1.0 Armour
 + Level 2.8 Dodging
 + Level 2.6 Spellcasting
 - Level 4.0 Translocations


You had 3 spell levels left.
You knew the following spells:

 Your Spells              Type           Power        Failure   Level  Hunger
a - Apportation           Tloc           ###.......   6%          1    #......
b - Teleport Other        Tloc           ###.....     17%         3    ###....


Dungeon Overview and Level Annotations

Branches:
Dungeon (2/15)

Altars:
Elyvilon


Message History

The giant cockroach is almost dead.
The giant cockroach misses you.
A hobgoblin comes into view. It is wielding a club.
The hobgoblin shouts!
You slash the giant cockroach!
You kill the giant cockroach!
You hit the gnoll but do no damage. The gnoll barely misses you.
You hit the gnoll.
The gnoll is lightly wounded.
The gnoll misses you. The gnoll hits you with a flail!
* * * LOW HITPOINT WARNING * * *
You hit the gnoll.
The gnoll is moderately wounded.
The gnoll misses you. The gnoll barely misses you.
You hit the gnoll.
The gnoll is heavily wounded.
The gnoll hits you from afar with a spear.
* * * LOW HITPOINT WARNING * * *
The gnoll hits you with a flail.
You die...

...#......#####.####...#.#.†##.##
####......# #†..........#.###.##
#...#### ##.###..............
##.## #.# #......#####.## #.#
#.####...#.#####.# ... #..#
#####.......# #..< ##.# #########
#...# #!# #...# #@# .....
..#####g# ......gg# ..####.g#
#... ##.## #.# #.# #.#


You could see 3 gnolls and a hobgoblin.

Vanquished Creatures
  4 oozes (D:1)
  A worm (D:2)
  A giant gecko (D:2)
  A ball python (D:1)
  A giant cockroach (D:2)
  7 hobgoblins (D:1)
  4 kobolds (D:1)
  3 bats (D:1)
  A giant newt (D:2)
  5 goblins
  3 rats (D:1)
31 creatures vanquished.

Notes
Turn   | Place    | Note
--------------------------------------------------------------
     0 | D:1      | lauthentik the High Elf Warper began the quest for the Orb.
     0 | D:1      | Reached XP level 1. HP: 14/14 MP: 4/4
    64 | D:1      | Reached XP level 2. HP: 8/19 MP: 6/6
   339 | D:1      | Reached skill level 4 in Translocations
   719 | D:1      | Reached XP level 3. HP: 3/25 MP: 7/7
  1011 | D:1      | Reached skill level 1 in Armour
  1018 | D:1      | Learned a level 3 spell: Teleport Other
  1878 | D:2      | Found a white marble altar of Elyvilon.
  1943 | D:2      | Slain by a gnoll

Vault maps used:
D:1:      erik_arrival_gehennom
D:2:      old_standard_altar, lemuel_round_altar,
          nicolae_overflow_crystal_walls, first_bread

Action                   || total
-------------------------++-------
Melee: Falchion          ||   102
Throw: Stone             ||    51
       Tomahawk          ||     4
  Eat: Chunk             ||     3
